 Dungeon Crawl Stone Soup version 0.27-a0-1202-ge72e49191c (webtiles) character file.

Game seed: 15917609614222892269

298 Glokmah the Bolt Thrower (level 6, -14/51 HPs)
             Began as a Draconian Arcane Marksman on June 4, 2021.
             Demolished by a two-headed ogre
             ... wielding a +0 giant club
              (24 damage)
             ... on level 4 of the Dungeon.
             The game lasted 00:09:13 (3845 turns).

Glokmah the Bolt Thrower (DrAM)                     Turns: 3845, Time: 00:09:14

Health: -14/51     AC:  6    Str: 12    XL:     6   Next: 13%
Magic:  7/7        EV: 12    Int: 13    God:
Gold:   249        SH:  0    Dex: 14    Spells: 1/7 levels left

rFire    + . .     SeeInvis .   b - +3 quarterstaff of Infinity {flame, rF+ rN+ Will+}
rCold    . . .     Faith    .   (shield currently unavailable)
rNeg     + . .     Spirit   .   (armour unavailable)
rPois    .         Reflect  .   (helmet restricted)
rElec    .         Harm     .   (no cloak)
rCorr    .         Rampage  .   (no gloves)
Will     +....                  (no boots)
Stlth    +.........             (no amulet)
HPRegen  0.17/turn              (no ring)
MPRegen  0.10/turn              (no ring)

@: no status effects
A: AC +6, unfitting armour, cold-blooded
a: no special abilities


You were on level 4 of the Dungeon.
You visited 1 branch of the dungeon, and saw 4 of its levels.

You collected 249 gold pieces.

Inventory:

Hand Weapons
 a - a +1 hand crossbow
 b - the +3 quarterstaff of Infinity (weapon) {flame, rF+ rN+ Will+}
   (You found it on level 4 of the Dungeon)

   It has been specially enchanted to burn those struck by it, causing extra
   injury to most foes and up to half again as much damage against particularly
   susceptible opponents.
   It protects you from fire.
   It protects you from negative energy.
   It increases your willpower.
 j - a +4 dagger
Missiles
 c - 67 bolts
 e - 22 poisoned darts (quivered)
Jewellery
 l - a ring of ice
Scrolls
 f - a scroll of enchant weapon
 i - 3 scrolls of enchant armour
Potions
 d - a potion of brilliance
 g - a potion of cancellation {unknown}
 h - a potion of heal wounds
 k - a potion of attraction
 m - a potion of curing {unknown}


   Skills:
 + Level 3.3 Fighting
 * Level 4.2 Crossbows
 - Level 1.7 Dodging
 - Level 1.0 Spellcasting
 * Level 3.9 Hexes
 * Level 0.9 Fire Magic


You had one spell level left.
You knew the following spells:

 Your Spells              Type           Power      Damage    Failure   Level
a - Corona                Hex            11%        N/A       6%          1
b - Slow                  Hex            10%        N/A       9%          2
c - Inner Flame           Hex/Fire       6%         N/A       30%         3

Your spell library contained the following spells:

 Spells                   Type           Power      Damage    Failure   Level
 Portal Projectile        Hex/Tloc       10%        N/A       36%         3
 Cause Fear               Hex            5%         N/A       50%         4
 Leda's Liquefaction      Hex/Erth       2%         N/A       77%         4


Dungeon Overview and Level Annotations

Branches:
Dungeon (4/15)
 Temple: D:4-7

Altars:
Kikubaaqudgha

Shops:
D:1 *   D:3 [?


Innate Abilities, Weirdness & Mutations

Your plain brown scales are hard. (AC +6)
You cannot fit into any form of body armour.
You are cold-blooded and may be slowed by cold attacks.


Message History

Found an escape hatch in the ceiling.
Found a stone staircase leading up.
There is an entrance to Kodawu Damumm's Antique Armour Boutique here.
Done exploring.
Done exploring.
There is a stone staircase leading down here.
You climb downwards.
The two-headed ogre hits you with a +0 giant club!
The two-headed ogre closely misses you.
There is a stone staircase leading up, spattered with blood here.
There are no items here.
There are no items here.
Unknown command.
Okay, then.
Okay, then.
Casting: Inner Flame (dangerous; 30% risk of failure)
Confirm with . or Enter, or press ? or * to list all spells.
Aiming: Slow (safe; 9% risk of failure)
Press: ? - help, Shift-Dir - straight line, f - two-headed ogre
Aim: a two-headed ogre, wielding a +0 giant club and a +0 giant spiked club (chance to affect: 28%)
Okay, then.
The two-headed ogre hits you with a +0 giant club!!
The two-headed ogre barely misses you.
There is an open door here.
There is a stone staircase leading down here.
Okay, then.
You hit the two-headed ogre but do no damage.
You tail-slap the two-headed ogre.
The two-headed ogre is lightly wounded.
The two-headed ogre barely misses you.
The two-headed ogre completely misses you.
You sock the two-headed ogre! You burn the two-headed ogre.
The two-headed ogre is moderately wounded.
The two-headed ogre hits you with a +0 giant club!
* * * LOW HITPOINT WARNING * * *
The two-headed ogre misses you.
You hit the two-headed ogre. You burn the two-headed ogre.
The two-headed ogre is moderately wounded.
The two-headed ogre hits you with a +0 giant club!!
You die...

#####################
#).....O@.....#..#..##
#.###############....##
#.#############
##....##
#>............# ###...#
#### #.#########.(##
###.## ...# #.#
##.##### ##...# ...#
#.# #.#...###..##.
...######.#
#..##....#####
...'......#
#####รทรท### ##


You could see a two-headed ogre.

Vanquished Creatures
  A vampire bat (D:4)
  An orc priest (D:3)
  6 adders
  2 worms (D:2)
  A dart slug (D:1)
  3 fire bats (D:4)
  6 orcs
  2 spectral bats (D:4)
  10 ball pythons
  3 bat skeletons (D:4)
  A bat zombie (D:4)
  3 endoplasms
  3 giant cockroaches
  8 hobgoblins
  6 jackals
  5 kobolds
  4 quokkas
  15 bats
  A bat simulacrum (D:4)
  5 frilled lizards
  6 goblins
92 creatures vanquished.

Notes
Turn   | Place    | Note
-------+----------+-------------------------------------------
     0 | D:1      | Glokmah the Draconian Arcane Marksman began the quest for
                  | the Orb.
     0 | D:1      | Reached XP level 1. HP: 16/16 MP: 2/2
    84 | D:1      | Reached skill level 2 in Crossbows
   226 | D:1      | Reached XP level 2. HP: 16/23 MP: 3/3
   502 | D:1      | Found Sych's General Store.
   542 | D:1      | Learned a level 2 spell: Slow
  1012 | D:2      | Reached XP level 3. HP: 29/29 MP: 1/4
  1316 | D:2      | You fall into a shaft and drop 2 floors!
  1393 | D:4      | Reached skill level 3 in Crossbows
  1500 | D:4      | Found an ancient bone altar of Kikubaaqudgha.
  1560 | D:4      | Reached XP level 4. HP: 36/36 MP: 2/5
  1734 | D:4      | Reached XP level 5. HP: 44/44 MP: 6/6
  2158 | D:4      | Identified the +3 quarterstaff of Infinity {flame, rF+ rN+
                  | Will+}
  2185 | D:4      | Noticed a two-headed ogre
  2198 | D:4      | Learned a level 3 spell: Inner Flame
  2424 | D:3      | Found Gaorhyrogoe's Magic Scroll Shoppe.
  2451 | D:3      | Reached skill level 4 in Crossbows
  3344 | D:3      | Reached XP level 6. HP: 44/51 MP: 7/7
  3478 | D:3      | Found a faded altar of an unknown god.
  3758 | D:3      | Found Kodawu Damumm's Antique Armour Boutique.
  3845 | D:4      | Demolished by a two-headed ogre

Illustrated notes

Levels and vault maps discovered:
D:1:      eino_arrival_druids_welcome, layout_rooms, serial_shops, shop_statue,
          minmay_pentomino_t4
D:2:      layout_basic
D:3:      layout_loops_ring, serial_shops, shop, shop_statue,
          ebering_ecumenical_altar_petrified
D:4:      layout_basic, kiku_gazebo_pond_becter, goddamned_bats

Skill      XL: |  1  2  3  4  5 |
---------------+----------------+-----
Crossbows      | 2 3 4 |  4.2
Hexes          | 3 |  3.9
Fighting       | 2 3 |  3.3
Dodging        | |  1.7
Spellcasting   | |  1.0
Fire Magic     | |  0.9

Action                   |  1- 3 |  4- 6 || total
-------------------------+-------+-------++-------
Melee: Quarterstaff      |       |    54 ||    54
       Tailslap          |       |     4 ||     4
 Fire: Hand crossbow     |    79 |    70 ||   149
 Cast: Slow              |     3 |     1 ||     4
  Use: Scroll            |     7 |     2 ||     9
 Stab: Sleeping          |       |     1 ||     1
Armor: Skin              |    15 |    67 ||    82
Dodge: Dodged            |    36 |   143 ||   179

Table legend: (Time is in decaauts)
 A = Elapsed time spent in this place.
 B = Non-inter-level travel time spent in this place.
 C = Inter-level travel time spent in this place.
 D = Time resting spent in this place.
 E = Time spent auto-exploring this place.
 F = Levels seen in this place.
 G = Mean time per level.
                   A        B        C        D        E       F      G
               +--------+--------+--------+--------+--------+-----+--------+
         Total |   3923 |   3788 |    135 |    467 |   2133 |   4 |  980.8 |
       Dungeon |   3923 |   3788 |    135 |    467 |   2133 |   4 |  980.8 |
               +--------+--------+--------+--------+--------+-----+--------+

Top non-repeatable levels by time:
     D:4: 1061 daAuts
     D:1: 1010 daAuts
     D:2: 996 daAuts
     D:3: 855 daAuts
